 Dungeon Crawl Stone Soup version 0.29.1-2-gbd0b4ee654 (webtiles) character file.

Game seed: 16577296698987174217

7316 yaboibolshack the Cleaver (level 10, -6/132 HPs)
             Began as a Minotaur Berserker on Nov 6, 2022.
             Was a Priest of Trog.
             Killed by mirror damage (17 damage)
             ... on level 8 of the Dungeon.
             The game lasted 01:02:42 (11098 turns).

yaboibolshack the Cleaver (Minotaur Berserker)     Turns: 11098, Time: 01:02:42

Health: -6/132     AC: 22    Str: 31    XL:     10   Next: 90%
Magic:  3/3        EV: 10    Int:  4    God:    Trog [***...]
Gold:   692        SH:  0    Dex: 11    Spells: 9/9 levels left

rFire   . . .      SeeInvis .   D - +3 war axe (antimagic)
rCold   . . .      Faith    .   (no shield)
rNeg    . . .      Spirit   .   P - +0 plate armour
rPois   .          Reflect  .   (helmet restricted)
rElec   .          Harm     .   (no cloak)
rCorr   .          Rampage  .   r - +0 pair of gloves
Will    ++...                   w - +0 pair of boots
Stlth   ..........              v - amulet of regeneration
HPRegen 2.12/turn               G - +6 ring of strength
MPRegen 0.08/turn               J - +4 ring of protection

@: berserking (expiring), strong-willed, regenerating, very quick
A: horns 2, retaliatory headbutt
a: Renounce Religion, Berserk, Trog's Hand


You were on level 8 of the Dungeon.
You worshipped Trog.
Trog was most pleased with you.
You visited 1 branch of the dungeon, and saw 9 of its levels.

You collected 692 gold pieces.

Inventory:

Hand Weapons
 a - a +0 hand axe
 j - a +2 hand axe of flaming
 l - a +7 spear of freezing
 D - a +3 antimagic war axe (weapon)
 I - a +1 war axe of protection
Missiles
 u - 5 throwing nets
Armour
 b - a +0 animal skin
 e - a +0 chain mail
 r - a +0 pair of gloves (worn)
 w - a +0 pair of boots (worn)
 y - +0 steam dragon scales
 M - +0 steam dragon scales
 N - +0 acid dragon scales
 P - a +0 plate armour (worn)
Jewellery
 v - an amulet of regeneration (around neck)
 G - a +6 ring of strength (left hand)
 J - a +4 ring of protection (right hand)
Wands
 t - a wand of polymorph (11) (quivered)
 K - a wand of quicksilver (6)
 L - a wand of digging (3)
Scrolls
 f - a scroll of vulnerability
 h - 2 scrolls of magic mapping
 k - a scroll of torment
 n - 2 scrolls of teleportation
 s - 2 scrolls of enchant weapon
 E - a scroll of fear
Potions
 c - a potion of magic {unknown}
 d - 3 potions of might {unknown}
 g - 2 potions of degeneration {unknown}
 i - 3 potions of mutation
 m - 5 potions of curing
 o - 3 potions of attraction
 p - a potion of brilliance {unknown}
 x - a potion of berserk rage {unknown}
 z - a potion of ambrosia {unknown}
 B - a potion of invisibility {unknown}
 C - 2 potions of haste
 H - 2 potions of cancellation {unknown}
 O - 2 potions of heal wounds {unknown}


   Skills:
 - Level 8.0 Fighting
 + Level 12.7 Axes
 + Level 12.4 Armour
 - Level 6.9 Dodging


You had 9 spell levels left.
You didn't know any spells.
Your spell library was empty.

Dungeon Overview and Level Annotations

Branches:
Dungeon (9/15)             Temple (0/1) D:5            Lair (0/5) D:9
    Orc: D:9-12

Altars:
Dithmenos
Gozag
Hepliaklqana
Kikubaaqudgha
Qazlal
Vehumet
Yredelemnul
The Shining One

Shops:
D:2 (

Annotations:
D:5 3 runed translucent doors, po7itron's ghost, novice MiFi


Innate Abilities, Weirdness & Mutations

You have a pair of horns on your head.
You reflexively headbutt those who attack you in melee.


Message History

The tengu warrior hits you from afar with a +0 bardiche!
The death knight hits you with a +2 battleaxe!!
A red film seems to cover your vision as you go berserk!
You feel yourself moving faster!
You feel mighty! The tengu warrior barely misses you.
The death knight hits you with a +2 battleaxe!
You slash the death knight! Your headbutt misses the death knight.
The death knight is lightly wounded.
The death knight reflects your damage back at you!
The tengu warrior hits you from afar with a +0 bardiche.
The death knight hits you with a +2 battleaxe.
You slash the death knight!
The death knight is moderately wounded.
The death knight reflects your damage back at you!
The tengu warrior barely misses you.
You barely miss the death knight.
The death knight is moderately wounded.
The death knight hits you with a +2 battleaxe!
You hit the death knight but do no damage.
The death knight is moderately wounded.
The tengu warrior closely misses you.
The death knight hits you with a +2 battleaxe.
* * * LOW HITPOINT WARNING * * *
You slice the death knight!! Your headbutt misses the death knight.
The death knight is heavily wounded.
The death knight reflects your damage back at you!
* * * LOW HITPOINT WARNING * * *
The tengu warrior hits you from afar with a +0 bardiche!
* * * LOW HITPOINT WARNING * * *
There is a stone staircase leading up here.
You feel a strong urge to attack something.
The death knight hits you with a +2 battleaxe!
* * * LOW HITPOINT WARNING * * *
You climb upwards.
There is a stone staircase leading down here.
You are too berserk!
You slice the death knight!!
The death knight is almost dead.
The death knight reflects your damage back at you!
You die...

#########...#.# ###...#####
##.##.# #.(.......# #.##.#
#.#...###.# #.##.# ##.##)## #.# #
#....# #.....# #.#
############..## #..##.####.#
...>...>...#...####..##....#.###
#######...........#............#
#######.##......@.#...#..#.....##
................p.#...#.###......
#######.##........#......#.....##
# ##.##.#....#.##..###......##
######...#.#....#.##.........####
#.............#.#.###)####.### #
..####...#.##.#.#.##.)# #.# # ..#
##....##.#.#.##.## #.###### ..#
#..####.#.#.##.# #.#.....


You could see a death knight (reflects damage).

Vanquished Creatures
  A two-headed ogre (D:9)
  A deep elf pyromancer (D:9)
  A manticore (D:9)
  An ugly thing (D:9)
  5 yaks (D:9)
  4 steam dragons
  An acid dragon (D:8)
  The ghost of matti1234 the Sneak, an amateur KoEn (D:7)
  2 water moccasins
  7 orc warriors
  6 sky beasts
  4 ogres
  2 centaurs (D:6)
  A phantom (D:5)
  2 necrophages
  2 gnoll sergeants
  2 bullfrogs
  3 kobold brigands
  4 scorpions
  5 wights (D:6)
  A killer bee (D:6)
  A howler monkey (D:6)
  4 orc priests
  4 jellies
  3 hounds
  2 gnoll boudas
  2 iguanas
  9 orc wizards
  Robin (D:2)
  22 gnolls
  7 adders
  A shadow imp (D:6)
  3 white imps
  A worm (D:4)
  4 dart slugs
  23 orcs
  6 ball pythons
  5 endoplasms
  15 goblins
  5 hobgoblins
  11 jackals
  12 kobolds
  3 quokkas
  5 bats
  2 frilled lizards
  5 rats
212 creatures vanquished.

Notes
Turn   | Place    | Note
-------+----------+-------------------------------------------
     0 | D:1      | yaboibolshack the Minotaur Berserker began the quest for
                  | the Orb.
     0 | D:1      | Reached XP level 1. HP: 19/19 MP: 0/0
   139 | D:1      | Reached XP level 2. HP: 19/27 MP: 1/1
   335 | D:1      | Found a faded altar of an unknown god.
  1227 | D:2      | Reached XP level 3. HP: 33/33 MP: 2/2
  1325 | D:2      | Reached ** piety under Trog
  1419 | D:2      | Noticed Robin
  1428 | D:2      | Killed Robin
  1879 | D:2      | Found Lediazel's Antique Weapon Boutique.
  2029 | D:3      | Reached XP level 4. HP: 41/41 MP: 3/3
  2209 | D:3      | Found a glowing golden altar of the Shining One.
  2589 | D:3      | Noticed a kobold brigand
  2603 | D:3      | Killed a kobold brigand
  2604 | D:3      | Reached XP level 5. HP: 47/47 MP: 4/4
  3200 | D:3      | Found a hazy altar of Hepliaklqana.
  3206 | D:3      | Found a radiant altar of Vehumet.
  3207 | D:3      | Found an ancient bone altar of Kikubaaqudgha.
  3216 | D:3      | Found a shadowy altar of Dithmenos.
  3218 | D:3      | Found a basalt altar of Yredelemnul.
  3495 | D:3      | Reached skill level 5 in Fighting
  3495 | D:3      | Reached skill level 5 in Axes
  3501 | D:4      | Reached XP level 6. HP: 56/56 MP: 5/5
  4311 | D:5      | Entered Level 5 of the Dungeon
  4338 | D:5      | Reached XP level 7. HP: 61/62 MP: 6/6
  4526 | D:5      | Reached skill level 5 in Armour
  4588 | D:5      | Reached *** piety under Trog
  4599 | D:5      | Found a staircase to the Ecumenical Temple.
  4616 | D:5      | Reached skill level 5 in Dodging
  4889 | D:5      | Found a runed translucent gate.
  4889 | D:5      | Found a runed translucent gate.
  4889 | D:5      | Found a runed translucent gate.
  4890 | D:5      | Noticed po7itron's ghost (novice MiFi)
  5972 | D:6      | Reached XP level 8. HP: 62/71 MP: 7/7
  6003 | D:6      | Identified the +1 ring mail of the Beekeeper {rF+}
  6494 | D:6      | Reached XP level 9. HP: 78/81 MP: 4/8
  7203 | D:7      | Found a transporter.
  7204 | D:7      | Noticed matti1234's ghost (amateur KoEn)
  7206 | D:7      | Found a transporter.
  7529 | D:7      | Reached **** piety under Trog
  8039 | D:7      | Killed matti1234's ghost
  8292 | D:8      | Reached skill level 10 in Axes
  8448 | D:8      | Identified the +6 quarterstaff "Harayneim" {freeze, rPois
                  | Int-2 Dex+5 SInv}
  8587 | D:8      | Reached skill level 10 in Armour
  8733 | D:8      | Found a stormy altar of Qazlal.
  9073 | D:9      | Found a staircase to the Lair.
  9560 | D:9      | Reached XP level 10. HP: 88/88 MP: 3/9
 10171 | D:9      | Found an opulent altar of Gozag.
 10177 | D:9      | Noticed a cyan ugly thing
 10188 | D:9      | Killed a cyan ugly thing
 10417 | D:9      | Noticed a manticore
 10426 | D:9      | Killed a manticore
 10475 | D:9      | Noticed a cyclops
 10475 | D:9      | Noticed a two-headed ogre
 10483 | D:9      | Noticed a death knight
 10487 | D:9      | Killed a two-headed ogre
 10491 | D:9      | Noticed a tengu warrior
 10496 | D:9      | Noticed a deep elf pyromancer
 10524 | D:9      | HP: 2/88 [deep elf pyromancer/bolt of fire (7)]
 11061 | D:9      | Killed a deep elf pyromancer
 11098 | D:8      | Killed by mirror damage

Illustrated notes

Levels and vault maps discovered:
D:1:      zaba_arrival_water, layout_basic, ebering_ecumenical_altar_petrified
D:2:      layout_basic, serial_shops, shop, uniq_robin
D:3:      layout_basic, tso_altar, minmay_overflow_temple_star_hex,
          wad_floor_pattern_1, minmay_bisected
D:4:      layout_cave_pods, serial_column_ruins, column_ruins_hut_ruined,
          column_ruins_square_small, column_ruins_corridor_straight,
          column_ruins_grid_1, column_ruins_open_medium, column_ruins_open_tiny,
          column_ruins_grid_3
D:5:      layout_layer_cave, minmay_temple_entry_waves,
          biasface_ghost_orc_armoury
D:6:      minmay_octagon_keep, layout_basic, serial_glass, glass_columns_a,
          glass_columns_b
D:7:      layout_cave_pools, gammafunk_ghost_smash
D:8:      layout_loops_ring, lemuel_crystal_altar
D:9:      minmay_the_grid_plus [minmay_the_grid_slots,
          minmay_the_grid_outer_circle, minmay_the_grid_stretched_grid,
          minmay_the_grid_square_x,
          minmay_the_grid_prize_four_corners_diamond_a], layout_basic,
          amcnicky_altar_gilded, minivault_23, hangedman_misty_isle

Skill      XL: |  1  2  3  4  5  6  7  8  9 10 |
---------------+-------------------------------+-----
Fighting       | 4 5 6 7 8 |  8.0
Axes           | 4 5 6 7 10 12 | 12.7
Armour         | 3 4 6 7 10 12 | 12.4
Dodging        | 3 4 5 6 |  6.9

Action                   |  1- 3 |  4- 6 |  7- 9 | 10-12 || total
-------------------------+-------+-------+-------+-------++-------
Melee: Hand axe          |    49 |       |       |       ||    49
       Headbutt          |     3 |    14 |    45 |    21 ||    83
       Spear             |    20 |   113 |   150 |       ||   283
       Punch             |       |     2 |     6 |     2 ||    10
       War axe           |       |       |   119 |   113 ||   232
Invok: Trog's Hand       |     1 |     1 |     5 |     6 ||    13
       Berserk           |     1 |     1 |     4 |     6 ||    12
  Use: Scroll            |       |       |    14 |     5 ||    19
       Potion            |       |       |       |     1 ||     1
Armor: Animal skin       |     7 |       |       |       ||     7
       Chain mail        |    30 |    64 |   143 |       ||   237
       Plate armour      |       |       |     2 |    67 ||    69
Dodge: Dodged            |    42 |    45 |   135 |    51 ||   273
